 Dungeon Crawl Stone Soup version 0.23-b1-49-g13d5857 (webtiles) character file.

Game seed: 10868725685844474876

240 HEYYEYAAE the Bolt Thrower (level 6, -4/39 HPs)
             Began as an Octopode Hunter on Feb 4, 2019.
             Slain by a centaur skeleton (8 damage)
             ... on level 4 of the Dungeon.
             The game lasted 00:02:44 (2046 turns).

HEYYEYAAE the Bolt Thrower (Octopode Hunter)        Turns: 2046, Time: 00:02:45

Health: -4/39      AC:  1    Str: 12    XL:     6   Next: 8%
Magic:  6/6        EV: 13    Int: 13    God:
Gold:   180        SH:  0    Dex: 14    Spells: 5/5 levels left

rFire    . . .     SeeInvis .   a - +1 hand crossbow
rCold    . . .     Gourm    .   (no shield)
rNeg     . . .     Faith    .   (helmet restricted)
rPois    .         Spirit   .   e - amulet of the acrobat
rElec    .         Reflect  .   (no ring)
rCorr    .         Harm     .   (no ring)
MR       .....                  (no ring)
Stlth    +++.......             (no ring)
HPRegen  0.13/turn              (no ring)
MPRegen  0.10/turn              (no ring)
                                (no ring)
                                (no ring)

@: about to teleport
A: almost no armour, stealthy swim, amphibious, 8 rings, constrict 8, camouflage
1, gelatinous body 1
a: no special abilities


You were on level 4 of the Dungeon.
You were not hungry.

You visited 1 branch of the dungeon, and saw 4 of its levels.

You collected 180 gold pieces.

Inventory:

Hand Weapons
 a - a +1 hand crossbow (weapon)
 b - a +0 short sword
 f - a +0 scythe of venom
Jewellery
 e - an amulet of the acrobat (around mantle)
Wands
 n - a wand of polymorph (11)
Scrolls
 g - a scroll of remove curse
 k - a scroll of noise
 m - a scroll of identify
 q - a scroll of enchant weapon {unknown}
Potions
 h - a potion of curing
 j - a potion of flight
 l - 2 potions of mutation {unknown}
 o - a potion of brilliance {unknown}
Comestibles
 d - 6 rations


   Skills:
 - Level 2.0 Fighting
 + Level 7.1 Crossbows
 - Level 2.0 Dodging
 - Level 1.3 Stealth


You had 5 spell levels left.
You didn't know any spells.
Your spell library was empty.

Dungeon Overview and Level Annotations

Branches:
Dungeon (4/15)
 Temple: D:4-7

Altars:


Innate Abilities, Weirdness & Mutations

You cannot wear most types of armour.
You are very stealthy in the water. (Stealth+)
You are amphibious.
You can wear up to eight rings at the same time.
You can use your tentacles to constrict eight enemies at once.
Your skin changes colour to match your surroundings (Stealth+).
Your rubbery body absorbs attacks. (AC +1, EV +1)


Message History

The hound completely misses you. The jackal closely misses you.
As you read the scroll labeled NOLAQ JAAR, it crumbles to dust.
You hear a loud clanging noise!
It was a scroll of noise.
You hear a shout! x6; You hear a bark!
You hear an angry hiss.
The jackal bites you.
* * * LOW HITPOINT WARNING * * *
The hound misses you.
The jackal bites you but does no damage.
As you read the scroll labeled LIUNED HIJOU, it crumbles to dust.
It is a scroll of identify.
j - a potion of flight The jackal misses you.
The hound bites you but does no damage. The jackal closely misses you.
As you read the scroll labeled VUEQAG VIEMOH, it crumbles to dust.
You feel strangely unstable.
It was a scroll of teleportation.
The jackal misses you. The hound bites you.
* * * LOW HITPOINT WARNING * * *
The centaur skeleton hits you!
You die...

.. ## ... #.##
....## ... ......#
#.# #....####.#
#......#h.#
##......h#######..
#...####hZh.......
#.## ##h@......# #
#h#####..# #h# .h.
...h ..##.. ..# #.
..# ..


You could see a hound, 7 jackals and a centaur skeleton.

Vanquished Creatures
  Sigmund (D:2)
  An adder (D:2)
  An ooze (D:2)
  2 worms
  2 dart slugs (D:1)
  2 leopard geckos
  6 orcs (D:3)
  9 bats
  5 giant cockroaches
  6 goblins
  7 hobgoblins (D:1)
  4 frilled lizards
  10 kobolds
  6 rats
62 creatures vanquished.

Notes
Turn   | Place    | Note
-------+----------+-------------------------------------------
     0 | D:1      | HEYYEYAAE the Octopode Hunter began the quest for the Orb.
     0 | D:1      | Reached XP level 1. HP: 14/14 MP: 1/1
   140 | D:1      | Reached XP level 2. HP: 19/19 MP: 2/2
   341 | D:1      | Reached XP level 3. HP: 24/24 MP: 3/3
   350 | D:1      | Reached skill level 5 in Crossbows
   633 | D:2      | Noticed Sigmund
   666 | D:1      | HP: 1/24 [poisoned by Sigmund]
  1010 | D:1      | Reached XP level 4. HP: 29/29 MP: 4/4
  1377 | D:2      | Killed Sigmund
  1377 | D:2      | Reached skill level 6 in Crossbows
  1377 | D:2      | Reached XP level 5. HP: 27/34 MP: 5/5
  1475 | D:2      | Reached skill level 7 in Crossbows
  1922 | D:3      | Reached XP level 6. HP: 39/39 MP: 6/6
  2046 | D:4      | Slain by a centaur skeleton

Skill      XL: |  1  2  3  4  5 |
---------------+----------------+-----
Crossbows      | 5 6 7 |  7.1
Fighting       | |  2.0
Dodging        | |  2.0
Stealth        | |  1.3

Action                   |  1- 3 |  4- 6 || total
-------------------------+-------+-------++-------
Melee: Short sword       |       |     2 ||     2
       Constrict         |       |     1 ||     1
       Tentacles         |       |     1 ||     1
       Hand crossbow     |       |     1 ||     1
 Fire: Hand crossbow     |    92 |    61 ||   153
Evoke: Wand              |       |     1 ||     1
  Use: Potion            |       |     4 ||     4
       Scroll            |       |     5 ||     5
  Eat: Chunk             |       |     3 ||     3
Armor: Skin              |     3 |     7 ||    10
Dodge: Dodged            |    22 |    52 ||    74
